 Dungeon Crawl Stone Soup version 0.31.0-9-g3a7656b989 (webtiles) character file.

Game seed: 9283674297798622251

453 Eitelfritz the Slasher (level 6, -6/52 HPs)
             Began as a Minotaur Gladiator on Feb 4, 2024.
             Was an Initiate of Hepliaklqana.
             Mangled by an ogre
             ... wielding a +0 giant club
              (11 damage)
             ... on level 5 of the Dungeon.
             The game lasted 00:06:44 (3926 turns).

Eitelfritz the Slasher (Minotaur Gladiator)         Turns: 3926, Time: 00:06:45

Health: -6/52      AC: 13    Str: 19    XL:     6   Next: 75%
Magic:  5/5        EV: 11    Int:  7    God:    Hepliaklqana [......]
Gold:   230        SH:  0    Dex: 11    Spells: 5/5 levels left

rFire   . . .        a - +0 long sword
rCold   . . .        (no shield)
rNeg    . . .        x - +1 scale mail
rPois   .            n - +2 hat {Will+}
rElec   .            (no cloak)
rCorr   .            (no gloves)
SInv    +            (no boots)
Will    +....        (no amulet) Stlth
                     h - +4 ring of protection
HPRegen 0.28/turn    s - ring of see invisible
MPRegen 0.09/turn

%: no passive effects
@: studying Translocations
A: horns 2, retaliatory headbutt
a: Renounce Religion


You were on level 5 of the Dungeon.
You worshipped Hepliaklqana.
Hepliaklqana was noncommittal.
You visited 2 branches of the dungeon, and saw 6 of its levels.

You collected 230 gold pieces.

Inventory:

Hand Weapons
 a - a +0 long sword (weapon)
 b - a +0 sling
 w - a +0 flail
Missiles
 d - 3 throwing nets
 e - a javelin
 k - 6 silver javelins
 l - 12 poisoned darts (quivered)
Armour
 n - a +2 hat of willpower (worn)
 x - a +1 scale mail (worn)
Jewellery
 h - a +4 ring of protection (left hand)
 s - a ring of see invisible (right hand)
Wands
 A - a wand of paralysis (9)
Scrolls
 c - a scroll of enchant armour
 j - a scroll of teleportation
Potions
 f - 2 potions of mutation
 g - a potion of berserk rage {unknown}
 i - 2 potions of brilliance
 m - 2 potions of attraction {unknown}
 o - a potion of enlightenment {unknown}
 r - 2 potions of curing
 t - 2 potions of lignification
 u - a potion of cancellation {unknown}
 z - a potion of heal wounds {unknown}


   Skills:
 + Level 4.0 Fighting
 + Level 6.4 Long Blades
 + Level 2.3 Ranged Weapons
 + Level 2.1 Throwing
 + Level 3.3 Armour
 + Level 4.2 Dodging
 + Level 0.3 Stealth


You had 5 spell levels left.
You didn't know any spells.
Your spell library contained the following spells:

 Spells                   Type           Power      Damage    Failure   Level
 Call Imp                 Summ           0%         N/A       90%         2
 Cigotuvi's Dreadful Rot  Necr/Alch/Air  0%         N/A       90%         2
 Sublimation of Blood     Necr           0%         N/A       90%         2
 Ignite Poison            Fire/Alch      0%         N/A       100%        4
 Freezing Cloud           Conj/Ice/Air   0%         6-21      100%        5
 Summon Hydra             Summ           0%         N/A       100%        7


Dungeon Overview and Level Annotations

Branches:
Dungeon (5/15)             Temple (1/1) D:4

Altars:
Ashenzari
Cheibriados
Elyvilon
Fedhas
Gozag
Hepliaklqana
Kikubaaqudgha
Makhleb
Nemelex Xobeh
Okawaru
Qazlal
Ru
Sif Muna
Uskayaw
Vehumet
Zin


Innate Abilities, Weirdness & Mutations

You have a pair of horns on your head.
You reflexively headbutt those who attack you in melee.


Message History

The adder hisses angrily.
The gnoll shouts!
The adder bites you but does no damage. The adder closely misses you.
You hit the adder but do no damage. Your headbutt misses the adder.
The adder closely misses you.
You barely miss the adder. Your headbutt misses the adder.
The adder barely misses you.
You slash the adder! You headbutt the adder.
You kill the adder!
You see here an adder corpse.
An ogre comes into view. It is wielding a +0 giant club.
The ogre moves out of view.
An ogre is nearby!
Throw: 14 darts (poison)
Press: ? - help, Q - select action, (/) - cycle Shift-Dir - straight line, f - ogre
Aim: an ogre, wielding a +0 giant club (72% to hit)
You throw a poisoned dart. The poisoned dart hits the ogre.
The ogre is poisoned.
Throw: 13 darts (poison)
Press: ? - help, Q - select action, (/) - cycle Shift-Dir - straight line, f/p - ogre
Aim: an ogre, wielding a +0 giant club (poisoned, 72% to hit)
You throw a poisoned dart. The poisoned dart hits the ogre.
Unknown command.
You hit the ogre.
The ogre is moderately wounded.
The ogre hits you with a +0 giant club!!
You hit the ogre but do no damage.
You headbutt the ogre, but do no damage.
The ogre is moderately wounded.
You hit the ogre. You punch the ogre.
The ogre is heavily wounded.
The ogre hits you with a +0 giant club!
You hit the ogre.
The ogre is severely wounded.
The ogre looks more healthy.
The ogre hits you with a +0 giant club!
* * * LOW HITPOINT WARNING * * *
You hit the ogre.
The ogre is severely wounded.
The ogre hits you with a +0 giant club!
You die...

#.###.©.###.#.8.#≈≈..
####...........#####≈≈..
≈≈≈≈≈≈≈≈≈~≈≈≈≈≈≈≈≈≈≈≈≈..
≈≈≈≈≈≈≈≈≈~≈≈≈≈≈≈≈≈≈≈≈≈..
.............†..........
..........#####...###.
...###........### ##
##(#.###..##.....
#..(O@.......##.##
#..#.###..#####.# # #.
#..# #.# .. ..... ..#
### #####. ... #


You could see an ogre.

Vanquished Creatures
  A scorpion (D:4)
  A killer bee (D:4)
  A bombardier beetle (D:4)
  An orc priest (D:4)
  2 iguanas (D:5)
  Terence (D:2)
  2 orc wizards
  8 adders
  9 orcs
  6 endoplasms
  6 giant cockroaches
  9 goblins
  9 hobgoblins
  7 kobolds
  5 quokkas
  2 ball pythons
  3 bats
  5 frilled lizards
  7 rats
85 creatures vanquished.

Notes
Turn   | Place    | Note
-------+----------+-------------------------------------------
     0 | D:1      | Eitelfritz the Minotaur Gladiator began the quest for the
                  | Orb.
     0 | D:1      | Reached XP level 1. HP: 18/18 MP: 0/0
   307 | D:1      | Reached XP level 2. HP: 25/25 MP: 1/1
   316 | D:1      | Reached skill level 4 in Long Blades
  1217 | D:2      | Reached XP level 3. HP: 30/30 MP: 2/2
  1259 | D:2      | Reached skill level 1 in Ranged Weapons
  1383 | D:2      | Noticed Terence
  1399 | D:2      | Killed Terence
  1400 | D:2      | Reached skill level 1 in Armour
  1969 | D:3      | Reached XP level 4. HP: 37/37 MP: 3/3
  2070 | D:3      | Found a faded altar of an unknown god.
  2555 | D:4      | Reached skill level 5 in Long Blades
  2555 | D:4      | Reached XP level 5. HP: 44/45 MP: 4/4
  2746 | D:4      | Reached XP level 6. HP: 35/51 MP: 5/5
  2763 | D:4      | Reached skill level 6 in Long Blades
  3046 | D:4      | Found a staircase to the Ecumenical Temple.
  3069 | Temple   | Entered the Ecumenical Temple
  3089 | Temple   | Became a worshipper of Hepliaklqana the Forgotten
  3535 | D:5      | Entered Level 5 of the Dungeon
  3926 | D:5      | Mangled by an ogre

Illustrated notes

Levels and vault maps discovered:
D:1:      mrwooster_arrival_statue_3, layout_basic
D:2:      minmay_recursive_quarters, layout_loops_corners, serial_rivers,
          chequers_serial_rivers_small_3, chequers_serial_rivers_large_a,
          chequers_serial_rivers_small_b, chequers_serial_rivers_small_b,
          chequers_serial_rivers_room_a, kennysheep_generic_room_9, uniq_terence
D:3:      layout_rooms, ebering_ecumenical_altar_hall
D:4:      layout_loops_ring, temple_pool_b, minmay_manual_mail
D:5:      layout_loops_cross, gammafunk_ghost_gnarly_gnolls,
          dreamdust_princess_corridor
Temple:   nicolae_temple_elliptical

Skill      XL: |  1  2  3  4  5  6 |
---------------+-------------------+-----
Long Blades    | 4 5 6 |  6.4
Ranged Weapons | 1 2 |  2.3
Armour         | 1 2 3 |  3.3
Fighting       | 3 4 |  4.0
Dodging        | 4 |  4.2
Throwing       | |  2.1
Stealth        | |  0.3

Action                     |  1- 3 |  4- 6 || total
---------------------------+-------+-------++-------
  Melee: Long sword        |    60 |   151 ||   211
         Headbutt          |     7 |    24 ||    31
         Punch             |     1 |     1 ||     2
   Fire: Sling             |    31 |       ||    31
  Throw: Dart              |       |     2 ||     2
    Use: Scroll            |       |    10 ||    10
 Armour: Leather armour    |    12 |       ||    12
         Ring mail         |    14 |       ||    14
         Scale mail        |     7 |   119 ||   126
  Dodge: Dodged            |    32 |    83 ||   115
